 Dungeon Crawl Stone Soup version 0.17-a0-1210-g1e4f09d (webtiles) character file.

48 tamere the Ducker (level 3, -3/36 HPs)
             Began as a Troll Berserker on June 3, 2015.
             Was a Believer of Trog.
             Slain by an orc
             ... wielding a +0 war axe of flaming
              (5 damage)
             ... on level 3 of the Dungeon.
             The game lasted 00:10:08 (1327 turns).

tamere the Ducker (Troll Berserker)                 Turns: 1327, Time: 00:10:12

Health: -3/36      AC:  5    Str: 26    XL:     3   Next: 50%
Magic:  2/2        EV: 10    Int:  3    God:    Trog [**....]
Gold:   59         SH:  0    Dex:  9    Spells: 0 memorised, 2 levels left

rFire  . . .     SeeInvis .     a - +0 mace
rCold  . . .     Clarity  .     b - +0 animal skin
rNeg   . . .     SustAt   .     (no shield)
rPois  .         Gourm    +     (helmet restricted)
rElec  .         Spirit   .     (no cloak)
rCorr  .         Warding  .     (gloves unavailable)
rMut   .         Stasis   .     (boots unavailable)
MR     .....                    (no amulet)
Stlth  +.........               (no ring)
                                r - ring of teleport control

@: exhausted, slowed, very slow, not resistant to hostile enchantments, very
unstealthy
A: unfitting armour, claws 3, fast metabolism 3, gourmand, regeneration 2,
shaggy fur 1, tough skin 2
a: Burn Spellbooks, Berserk, Trog's Hand, Renounce Religion, Evoke Teleport
Control


You were on level 3 of the Dungeon.
You worshipped Trog.
Trog was pleased with you.
You were not hungry.

You visited 1 branch of the dungeon, and saw 3 of its levels.

You collected 59 gold pieces.

Inventory:

Hand weapons
 a - a +0 mace (weapon)
 d - a +0 dagger
 f - a +0 dagger
 g - a +0 hand axe
 h - a +0 blowgun
 q - a +0 club
 u - a +0 dagger
 C - a +0 rapier
Missiles
 e - 12 sling bullets of frost
 j - 8 javelins (quivered)
 m - 21 bolts
 x - 19 bolts of flame
Armour
 b - a +0 animal skin (worn)
 l - a +0 robe
 y - a +0 helmet
 z - a +0 pair of gloves
 A - a +0 ring mail
Jewellery
 r - a ring of teleport control (left claw)
Scrolls
 n - a scroll of noise {unknown}
 o - 3 scrolls of remove curse {unknown}
 w - a scroll of enchant armour {unknown}
 B - a scroll of random uselessness {unknown}
Potions
 i - a potion of might {unknown}
 k - a potion of agility {unknown}
 t - a potion of brilliance {unknown}
 v - a potion of degeneration {unknown}
 D - a potion of magic {unknown}
Comestibles
 p - 2 beef jerkies
 s - a slice of pizza


   Skills:
 + Level 2.6 Fighting
 + Level 3.0 Maces & Flails
 + Level 3.3 Dodging
 + Level 0.1 Stealth


You had 2 spell levels left.
You didn't know any spells.

Dungeon Overview and Level Annotations

Branches:
Dungeon (3/15)

Altars:


Innate Abilities, Weirdness & Mutations

You are too large for most types of armour.
You have claws for hands.
Your metabolism is lightning-fast.
You like to eat raw meat.
You heal very quickly.
You are covered in fur (AC +1).
You have very tough skin (AC +2).


Message History

* * * LOW HITPOINT WARNING * * *
The orc burns you.
* * * LOW HITPOINT WARNING * * *
The orc hits you but does no damage.
Use which ability? (? or * to list) You're too exhausted to go berserk.
You hit the orc but do no damage.
The orc is almost dead.
The orc hits you with a war axe of flaming.
* * * LOW HITPOINT WARNING * * *
The orc burns you.
* * * LOW HITPOINT WARNING * * *
The orc closely misses you.
You closely miss the orc.
The orc is almost dead.
The orc hits you but does no damage. The orc misses you.
The orc hits you with a club.
* * * LOW HITPOINT WARNING * * *
The orc hits you with a war axe of flaming.
You die...

#####
......
###......
#@oo.....
#o#......
#)# .....
#.# ....
#.# ... .
#.# ##
##. #.#
.. #.#
##.# #.#


You could see 3 orcs.

Vanquished Creatures
  An adder (D:2)
  2 worms (D:2)
  2 orcs (D:3)
  3 goblins (D:1)
  4 hobgoblins
  2 kobolds (D:1)
  8 bats
  2 giant geckos (D:1)
  A giant newt (D:2)
  4 rats
29 creatures vanquished.

Notes
Turn   | Place    | Note
--------------------------------------------------------------
     0 | D:1      | tamere the Troll Berserker began the quest for the Orb.
     0 | D:1      | Reached XP level 1. HP: 22/22 MP: 0/0
   220 | D:1      | Reached XP level 2. HP: 26/29 MP: 1/1
   902 | D:2      | Reached skill level 3 in Dodging
   979 | D:2      | Acquired Trog's second power
   979 | D:2      | Reached XP level 3. HP: 18/36 MP: 2/2
  1327 | D:3      | Slain by an orc

Vault maps used:
D:1:      sevenhm_arrival_forest_fort_small_5, st_stairs_9
D:3:      supply_closet_lemuel, st_stairs_11, kennysheep_generic_room_2,
          uniq_grinder

Action                   || total
-------------------------++-------
Melee: Mace              ||   103
Invok: Berserk           ||     1
 Stab: Sleeping          ||     1
  Eat: Chunk             ||     5
       Bread ration      ||     2
